 Dungeon Crawl Stone Soup version 0.28-a0-313-gbc0475efdd (webtiles) character file.

Game seed: 11188887129727827429

997 bande the Chopper (level 8, -1/48 HPs)
             Began as a Gargoyle Fighter on Aug 31, 2021.
             Slain by a wraith (4 damage)
             ... on level 5 of the Dungeon.
             The game lasted 00:09:27 (6292 turns).

bande the Chopper (Gargoyle Fighter)                Turns: 6292, Time: 00:09:27

Health: -1/48      AC: 20    Str: 18 (20) XL:     8   Next: 19%
Magic:  8/8        EV:  3    Int: 10      God:
Gold:   227        SH:  8    Dex: 10      Spells: 7/7 levels left

rFire   . . .      SeeInvis .   m - +2 hand axe (freeze)
rCold   . . .      Faith    +   c - +0 kite shield
rNeg    + . .      Spirit   .   e - +1 plate armour
rPois   ∞          Reflect  .   (no helmet)
rElec   +          Harm     .   (no cloak)
rCorr   .          Rampage  .   (no gloves)
Will    +....                   h - +0 pair of boots
Stlth   ..........              b - amulet of faith
HPRegen 0.16/turn               q - ring of willpower
MPRegen 0.11/turn               (no ring)

@: mighty, slowed, very slow
A: sickness immunity, AC +5, negative energy resistance 1, electricity
resistance, torment resistance 1, petrification resistance
a: no special abilities


You were on level 5 of the Dungeon.
You visited 1 branch of the dungeon, and saw 5 of its levels.

You collected 227 gold pieces.

Inventory:

Hand Weapons
 a - a +0 war axe of freezing
 k - a +2 flail of holy wrath
 l - a +0 war axe
 m - a +2 hand axe of freezing (weapon)
Armour
 c - a +0 kite shield (worn)
 e - a +1 plate armour (worn)
 h - a +0 pair of boots (worn)
Jewellery
 b - an amulet of faith (around neck)
 q - a ring of willpower (left hand)
Wands
 i - a wand of digging (7)
 o - a wand of iceblast (2)
Scrolls
 n - 2 scrolls of teleportation
Potions
 d - a potion of might
 f - a potion of invisibility
 p - a potion of brilliance


   Skills:
 + Level 4.7 Fighting
 + Level 5.8 Axes
 + Level 5.2 Armour
 + Level 4.9 Shields
 * Level 2.8 Evocations


You had 7 spell levels left.
You didn't know any spells.
Your spell library contained the following spells:

 Spells                   Type           Power      Damage    Failure   Level
 Apportation              Tloc           0%         N/A       100%        1
 Shock                    Conj/Air       0%         1d3       100%        1
 Passwall                 Tmut/Erth      0%         N/A       100%        2
 Swiftness                Air            0%         N/A       100%        3
 Airstrike                Air            0%         N/A       100%        4
 Alistair's Intoxication  Tmut/Pois      0%         N/A       100%        5
 Iskenderun's Battlesphe  Conj           0%         2d6       100%        5
 Invisibility             Hex            0%         N/A       100%        6
 Iron Shot                Conj/Erth      0%         9d1       100%        6
 Spellforged Servitor     Conj/Summ      0%         N/A       100%        7


Dungeon Overview and Level Annotations

Branches:
Dungeon (5/15)
 Temple: D:4-7

Altars:
Dithmenos

Shops:
D:5 [

Annotations:
D:5 1 runed translucent door, Crazy Yiuf


Innate Abilities, Weirdness & Mutations

You are immune to sickness and miasma.
Your stone body is resilient. (AC +5)
You are immune to poison.
You resist negative energy. (rN+)
You are resistant to electric shocks. (rElec)
You are resistant to unholy torment.
You are immune to petrification.


Message History

The wraith hits you!
You barely miss the wraith.
The wraith is moderately damaged.
The wraith hits you. x2
You closely miss the wraith.
The wraith is moderately damaged.
You block the wraith's attack. The wraith hits you but does no damage.
You barely miss the wraith.
The wraith is moderately damaged.
The wraith hits you! The wraith drains your vigour!
You feel as though you will be slow longer.
The wraith hits you but does no damage.
You are too injured to fight recklessly!
You are too injured to fight recklessly!
You are too injured to fight recklessly!
You are too injured to fight recklessly!
You are too injured to fight recklessly!
Your plate armour prevents you from hitting the wraith.
The wraith is moderately damaged.
You block the wraith's attack. The wraith hits you.
* * * LOW HITPOINT WARNING * * *
You hit the wraith but do no damage.
The wraith is moderately damaged.
The wraith hits you but does no damage.
You feel better. The wraith completely misses you. The wraith hits you!
* * * LOW HITPOINT WARNING * * *
The wraith drains your vigour!
You feel as though you will be slow longer.
You feel very mighty all of a sudden. You block the wraith's attack.
You slash the wraith!
The wraith is heavily damaged.
The wraith hits you but does no damage. The wraith hits you.
* * * LOW HITPOINT WARNING * * *
The wraith drains your vigour!
You feel as though you will be slow longer.
You barely miss the wraith.
The wraith is heavily damaged.
The wraith completely misses you. The wraith hits you.
You die...

#.#### #.# . #.#
#.# ### #.# ..# #.#
####.# #.# ....####
#.. #.W##.## ###
#.@#.#.############
#..................
#...........#######
#.#########.#######
#. ##♣##♣#........
#. ........#######
## ##♣##♣###


You could see a wraith.

Vanquished Creatures
  Menkaure (D:5)
  Edmund (D:5)
  A necrophage (D:5)
  An ogre (D:4)
  2 scorpions (D:4)
  A howler monkey (D:5)
  A jelly (D:4)
  A hound (D:5)
  A bullfrog skeleton (D:4)
  2 orc priests (D:4)
  An iguana (D:4)
  Terence (D:2)
  4 orc wizards
  A hound skeleton (D:5)
  3 gnolls (D:3)
  3 adders
  2 adder skeletons (D:4)
  A worm (D:2)
  A dart slug (D:1)
  21 orcs
  5 ball pythons
  5 endoplasms
  3 giant cockroaches
  3 goblins
  5 hobgoblins
  7 jackals
  7 kobolds
  3 quokkas
  7 bats
  4 frilled lizards
  10 rats
109 creatures vanquished.

Notes
Turn   | Place    | Note
-------+----------+-------------------------------------------
     0 | D:1      | bande the Gargoyle Fighter began the quest for the Orb.
     0 | D:1      | Reached XP level 1. HP: 14/14 MP: 1/1
    12 | D:1      | Found a faded altar of an unknown god.
   278 | D:1      | Reached XP level 2. HP: 15/19 MP: 2/2
   907 | D:1      | Reached XP level 3. HP: 23/23 MP: 3/3
  1941 | D:2      | Noticed Terence
  1950 | D:2      | Killed Terence
  1951 | D:2      | Reached XP level 4. HP: 8/29 MP: 4/4
  2989 | D:3      | Reached XP level 5. HP: 13/33 MP: 5/5
  3648 | D:3      | Reached skill level 1 in Evocations
  4280 | D:4      | Found a shadowy altar of Dithmenos.
  4296 | D:4      | Reached XP level 6. HP: 34/38 MP: 6/6
  4863 | D:4      | Reached XP level 7. HP: 32/43 MP: 7/7
  5323 | D:4      | Reached skill level 5 in Axes
  5385 | D:5      | Entered Level 5 of the Dungeon
  5441 | D:5      | Found Quakkeq's Armour Shop.
  5532 | D:5      | Reached skill level 5 in Armour
  5909 | D:5      | Found a runed translucent door.
  5910 | D:5      | Noticed Crazy Yiuf
  5930 | D:5      | Noticed Menkaure
  5931 | D:5      | Noticed Edmund
  5948 | D:5      | Killed Edmund
  5949 | D:5      | Reached XP level 8. HP: 11/48 MP: 8/8
  5949 | D:5      | HP: 2/48 [Menkaure (9)]
  5952 | D:5      | Killed Menkaure
  6275 | D:5      | Noticed a wraith
  6292 | D:5      | Slain by a wraith

Illustrated notes

Levels and vault maps discovered:
D:1:      kennysheep_arrival_forest, layout_basic,
          chequers_ecumenical_altar_simple_redux, minmay_tetromino_i2
D:2:      minmay_evil_eye, layout_basic, uniq_terence
D:3:      layout_loops_ring
D:4:      minmay_angry_zag, layout_basic, grunt_dithmenos_smoke_and_mirrors
D:5:      layout_loops_ring, amethyst_overflow_temple_binary, serial_shops,
          shop, minmay_misc_feat_doors, amcnicky_mini_corridor_feature,
          uniq_edmund, uniq_menkaure, uniq_crazy_yiuf_cottage

Skill      XL: |  1  2  3  4  5  6  7 |
---------------+----------------------+-----
Axes           | 2 3 4 5 |  5.8
Shields        | 4 |  4.9
Armour         | 4 5 |  5.2
Evocations     | 1 2 |  2.8
Fighting       | 4 |  4.7

Action                   |  1- 3 |  4- 6 |  7- 9 || total
-------------------------+-------+-------+-------++-------
Melee: War axe           |   115 |   113 |       ||   228
       Hand axe          |       |    10 |   132 ||   142
  Use: Scroll            |     4 |     5 |     2 ||    11
       Potion            |     1 |     3 |     5 ||     9
Armor: Plate armour      |    99 |   100 |    86 ||   285
Dodge: Dodged            |    18 |    11 |    15 ||    44
Block: Kite shield       |    51 |    59 |    54 ||   164

Table legend: (Time is in decaauts)
 A = Elapsed time spent in this place.
 B = Non-inter-level travel time spent in this place.
 C = Inter-level travel time spent in this place.
 D = Time resting spent in this place.
 E = Time spent auto-exploring this place.
 F = Levels seen in this place.
 G = Mean time per level.
                   A        B        C        D        E       F      G
               +--------+--------+--------+--------+--------+-----+--------+
         Total |   6470 |   6470 |      0 |   1913 |   3452 |   5 | 1294.0 |
       Dungeon |   6470 |   6470 |      0 |   1913 |   3452 |   5 | 1294.0 |
               +--------+--------+--------+--------+--------+-----+--------+

Top non-repeatable levels by time:
     D:2: 1556 daAuts
     D:3: 1537 daAuts
     D:1: 1235 daAuts
     D:4: 1209 daAuts
     D:5: 931 daAuts
